 Dungeon Crawl Stone Soup version 0.30-a0-715-gdb4ae3ece1 (webtiles) character file.

Game seed: 10404865411357854273

36 Strat the Cudgeller (level 3, -3/27 HPs)
             Began as a Human Reaver on Jan 23, 2023.
             Killed by nerve-wracking pain
             ... invoked by an orc priest
              (10 damage)
             ... on level 3 of the Dungeon.
             The game lasted 00:02:50 (1677 turns).

Strat the Cudgeller (Human Reaver)                  Turns: 1677, Time: 00:02:51

Health: -3/27      AC:  3    Str: 14    XL:     3   Next: 57%
Magic:  6/6        EV: 11    Int: 13    God:
Gold:   73         SH:  0    Dex: 11    Spells: 3/6 levels left

rFire   . . .      SeeInvis .    a - +0 mace (venom)
rCold   . . .      Faith    .    (no shield)
rNeg    . . .      Spirit   .    b - +0 leather armour
rPois   .          Reflect  .    (no helmet)
rElec   .          Harm     .    (no cloak)
rCorr   .          Rampage  .    (no gloves)
Will    .....                    (no boots)
Stlth   +                        (no amulet)
HPRegen 0.24/turn                (no ring)
MPRegen 0.10/turn                (no ring)

@: weak-willed
A: no striking features
a: no special abilities


You were on level 3 of the Dungeon.
You visited 1 branch of the dungeon, and saw 3 of its levels.

You collected 73 gold pieces.

Inventory:

Hand Weapons
 a - a +0 mace of venom (weapon)
Armour
 b - a +0 leather armour (worn)
Potions
 c - a potion of brilliance
 d - a potion of attraction
 f - a potion of berserk rage {unknown}
 h - 2 potions of mutation {unknown}
 j - a potion of lignification {unknown}
 k - a potion of heal wounds {unknown}
 o - a potion of resistance {unknown}


   Skills:
 - Level 2.0 Fighting
 + Level 4.1 Maces & Flails
 - Level 2.0 Dodging
 - Level 2.0 Spellcasting
 + Level 3.3 Conjurations


You had 3 spell levels left.
You knew the following spells:

 Your Spells              Type           Power      Damage    Failure   Level
a - Kiss of Death         Conj/Necr      20%        2d7       17%         1
b - Momentum Strike       Conj/Tloc      10%        3d8       26%         2

Your spell library contained the following spells:

 Spells                   Type           Power      Damage    Failure   Level
 Hailstorm                Conj/Ice       5%         3d4       45%         3


Dungeon Overview and Level Annotations

Branches:
Dungeon (3/15)

Altars:

Shops:
D:1 (


Message History

Your +0 mace drips with poison.
a - a +0 mace of venom (weapon)
As you read the scroll labelled POVAFF QIQEBE, it crumbles to dust.
You hear a loud clanging noise!
It was a scroll of noise.
You hear a shout! x9
As you read the scroll labelled VUL KOGEDANO, it crumbles to dust.
The air around you briefly surges with heat, but it dissipates.
It was a scroll of immolation.
Blink to where?
Press: ? - help, Dir - move target
As you read the scroll labelled LYNIZUNO CASK, it crumbles to dust.
It was a scroll of blinking.
There is a stone staircase leading up here.
An orc comes into view. It is wielding a +0 hand axe.
An orc priest comes into view. It is wielding a +0 club.
An orc and an orc priest come into view.
The orc shouts!
The orc priest shouts!
An orc comes into view. It is wielding a +0 short sword.
The orc hits you with a +0 hand axe.
The orc shouts!
You sock the orc!
You kill the orc!
A kobold comes into view. It is wielding a +0 club.
The kobold shouts!
The kobold throws a stone.
The stone closely misses you.
The orc priest mumbles some strange prayers to Beogh against you.
Beogh smites you!
Ouch! That really hurt!
* * * LOW HITPOINT WARNING * * *
The orc priest invokes the aid of Beogh against you.
You barely resist.
Things that are here:
a +0 hand axe; an orc corpse The kobold throws a stone.
The stone hits you.
* * * LOW HITPOINT WARNING * * *
There is a stone staircase leading up here.
The orc priest invokes the aid of Beogh against you.
Pain shoots through your body!
You die...

..# ... ... .... # ..#
..# ###.###..###### .
..+ ...#
K.......o...... .#
..#....# #.# #o..(....
.. #<.....+ #.#
#o....... +# ...###.#
#.# #......##. ...#
#K###o.....#...## ...#
# #...oo.....+.8...#
...#
#..###@###.#....#......
...# #.......#######+#
#.... o..#
##.####.###### ###..
...# #)......... ##.
#...######. #.. #...#
.... #...# ..... #....
.8...# #.#.## ...##


You could see 2 orc priests, an orc and a kobold.

Vanquished Creatures
  A dart slug (D:1)
  2 orcs (D:3)
  5 ball pythons
  An endoplasm (D:1)
  2 giant cockroaches (D:1)
  3 goblins (D:1)
  3 hobgoblins
  2 jackals (D:1)
  5 bats
  3 frilled lizards
  A kobold (D:1)
  4 rats (D:1)
32 creatures vanquished.

Notes
Turn   | Place    | Note
-------+----------+-------------------------------------------
     0 | D:1      | Strat the Human Reaver began the quest for the Orb.
     0 | D:1      | Reached XP level 1. HP: 16/16 MP: 3/3
    96 | D:1      | Reached XP level 2. HP: 22/22 MP: 5/5
   239 | D:1      | Learned a level 2 spell: Momentum Strike
   355 | D:1      | Reached XP level 3. HP: 21/27 MP: 6/6
   383 | D:1      | Found Jiaqiow's Weapon Emporium.
   524 | D:1      | Reached skill level 4 in Maces & Flails
  1677 | D:3      | Killed from afar by an orc priest

Illustrated notes

Levels and vault maps discovered:
D:1:      evilmike_arrival_crescent, layout_rooms, serial_shops, shop
D:2:      layout_basic, kennysheep_boxes
D:3:      layout_basic, grunt_decor_arrowhead, grunt_ministairs_13

Skill      XL: |  1  2  3 |
---------------+----------+-----
Maces & Flails | 4 |  4.1
Fighting       | |  2.0
Dodging        | |  2.0
Spellcasting   | |  2.0
Conjurations   | |  3.3

Action                     || total
---------------------------++-------
  Melee: Mace              ||   112
         Punch             ||     1
    Use: Scroll            ||     7
 Armour: Leather armour    ||    43
  Dodge: Dodged            ||    80

Table legend: (Time is in decaauts)
 A = Elapsed time spent in this place.
 B = Non-inter-level travel time spent in this place.
 C = Inter-level travel time spent in this place.
 D = Time resting spent in this place.
 E = Time spent auto-exploring this place.
 F = Levels seen in this place.
 G = Mean time per level.
                   A        B        C        D        E       F      G
               +--------+--------+--------+--------+--------+-----+--------+
         Total |   1701 |   1595 |    106 |     43 |   1199 |   3 |  567.0 |
       Dungeon |   1701 |   1595 |    106 |     43 |   1199 |   3 |  567.0 |
               +--------+--------+--------+--------+--------+-----+--------+

Top non-repeatable levels by time:
     D:2: 1016 daAuts
     D:1: 599 daAuts
     D:3: 86 daAuts
